AoeStats
← lovemetiger

Arena

508853519Analyzed
2v2 RM · 9d ago on Sep 24, 2026· 50m 44s· 4 players
Game mode
Random Map
Map size
Medium (4 player)
Population
200
Speed
Normal
Resources
Standard
Victory
Conquest
Starting age
Dark Age
Ending age
Imperial Age
RankedLock teamsTeams togetherTeam positionsShared explorationLock speedFull tech treeHidden civsTurbo modeCheats
Victory
Defeat
🇵🇹 Romans · Portugal
828
+14
🇹🇷 Vikings · Türkiye
782
+16
🇷🇺 Turks · Russia
789
-15
🇹🇼 Berbers · Taiwan
781
-15
ya851005
lovemetiger
0:36 Loom
11:01 Feudal Age
11:48 Double-Bit Axe
12:15 Gold Mining
13:12 Wheelbarrow
20:07 Fletching
23:26 Castle Age
24:31 Crossbowman
27:24 Hand Cart
29:11 Bow Saw
30:10 Squires
30:47 Forging
30:37 Scale Mail Armor
31:24 Stone Mining
32:20 Horse Collar
33:20 Gold Shaft Mining
33:31 Bodkin Arrow
37:26 Imperial Age
38:52 Bracer
42:24 Padded Archer Armor
Mario J.
9:40 Feudal Age
14:36 Castle Age
13:57 Stone Mining
15:12 Double-Bit Axe
20:58 Loom
31:27 Town Watch
40:19 Imperial Age
40:22 Bloodlines
40:22 Murder Holes
40:48 Ballistics
42:11 Forging
42:03 Scale Mail Armor
43:37 Town Patrol
43:36 Capped Ram
45:15 Iron Casting
45:26 Light Cavalry
48:38 Husbandry
50:02 Horse Collar
50:38 Bow Saw
51:50 Wheelbarrow
you son of a bitch im in!
6:50 Loom
11:15 Feudal Age
12:56 Double-Bit Axe
14:28 Stone Mining
21:18 Castle Age
28:36 Bow Saw
28:08 Horse Collar
28:47 Scale Mail Armor
28:58 Forging
30:09 Chain Mail Armor
30:08 Man-at-Arms
33:41 Gold Mining
35:14 Long Swordsman
38:24 Heavy Plow
39:21 Iron Casting
41:49 Imperial Age
43:20 Imperial Age
43:26 Two-Handed Swordsman
44:42 Plate Mail Armor
45:12 Blast Furnace
44:14 Champion
50:20 Scale Barding Armor
50:15 Padded Archer Armor
50:43 Town Watch
Connection lost

Rejoining the realm…

Still unreachable

The connection could not be restored.

Session expired

The server has moved on; the page needs a fresh start.